 Dungeon Crawl Stone Soup version 0.31-a0-196-g86fe4a5e66 (webtiles) character file.

Game seed: 8878919541262604619

3334 SwinebobAirpants the Thaumaturge (level 10, -9/60 HPs)
             Began as a Djinni Conjurer on June 24, 2023.
             Was a Believer of Makhleb.
             Mangled by an orc warrior
             ... wielding a +0 halberd
              (18 damage)
             ... on level 8 of the Dungeon.
             The game lasted 00:15:16 (6024 turns).

SwinebobAirpants the Thaumaturge (Djinni Conjurer)  Turns: 6024, Time: 00:15:17

Health: -9/60      AC:  2    Str:  6    XL:     10   Next: 22%
Gold:   384        EV: 12    Int: 30    God:    Makhleb [**....] SH:  0 Dex: 12

rFire   + + .        e - +2 dagger (venom)
rCold   x . .        (no shield)
rNeg    . . .        a - +0 robe
rPois   ∞            (no helmet)
rElec   .            (no cloak)
rCorr   .            (no gloves)
SInv    .            (boots unavailable)
Will    +....        (no amulet)
Stlth   ++           k - +6 ring of intelligence
HPRegen 0.30/turn    (no ring)
MPRegen 0.00/turn

%: infuse magic (-10 HP)
@: flying
A: sickness immunity, fire resistance 2, cold vulnerability 1, float, innate
caster, HP casting, extra vitality 1
a: Renounce Religion, Minor Destruction


You were on level 8 of the Dungeon.
You worshipped Makhleb.
Makhleb was pleased with you.
You visited 2 branches of the dungeon, and saw 9 of its levels.

You collected 384 gold pieces.

Inventory:

Hand Weapons
 e - a +2 dagger of venom (weapon)
 p - a +1 short sword of speed
 q - a +0 sling
Missiles
 B - 5 poisoned darts (quivered)
 C - 38 stones
Armour
 a - a +0 robe (worn)
 s - a +2 buckler
Magical Staves
 c - a staff of death
Jewellery
 h - a ring of see invisible
 k - a +6 ring of intelligence (left hand)
Wands
 m - a wand of flame (18)
Scrolls
 i - 3 scrolls of poison {unknown}
 l - 4 scrolls of identify {unknown}
 r - 3 scrolls of enchant armour {unknown}
 v - 6 scrolls of teleportation {unknown}
 w - a scroll of enchant weapon {unknown}
Potions
 b - a potion of enlightenment {unknown}
 d - 3 potions of curing {unknown}
 f - 3 potions of heal wounds {unknown}
 g - 3 potions of brilliance {unknown}
 j - a potion of lignification {unknown}
 n - 2 potions of resistance {unknown}
 o - a potion of cancellation {unknown}
 t - 3 potions of might {unknown}
 u - a potion of invisibility {unknown}
 x - a potion of magic {unknown}
 y - 2 potions of berserk rage {unknown}
 z - a potion of attraction {unknown}


   Skills:
 - Level 2.1 Dodging
 - Level 1.5 Stealth
 + Level 10.9 Spellcasting
 + Level 10.9 Conjurations
 + Level 10.9 Hexes
 + Level 10.9 Summonings
 + Level 10.9 Necromancy
 + Level 10.9 Translocations
 + Level 10.9 Transmutations
 + Level 10.9 Fire Magic
 + Level 10.9 Ice Magic
 + Level 10.9 Air Magic
 + Level 10.9 Earth Magic
 + Level 10.9 Poison Magic


You knew the following spells:

 Your Spells              Type           Power      Damage    Failure   Level
h - Fulminant Prism       Conj/Hex       35%        3d17      1%          4
j - Iskenderun's Mystic   Conj/Tloc      70%        2d14      1%          4
k - Searing Ray           Conj           100%       2d8       1%          2
l - Magic Dart            Conj           100%       1d8       1%          1
J - Static Discharge      Conj/Air       100%       2-7/arc   1%          2
K - Flame Wave            Conj/Fire      70%        2d16      1%          4
L - Foxfire               Conj/Fire      100%       2x1d9     1%          1
X - Wereblood             Tmut           70%        N/A       1%          2
Z - Dazzling Flash        Conj/Hex       100%       N/A       1%          3
Your spell library was empty.

Dungeon Overview and Level Annotations

Branches:
Dungeon (8/15)             Temple (1/1) D:4
   Lair: D:8-11

Altars:
Ashenzari
Cheibriados
Dithmenos
Elyvilon
Fedhas
Gozag
Hepliaklqana
Makhleb
Nemelex Xobeh
Okawaru
Qazlal
Ru
Wu Jian
Xom
Yredelemnul
The Shining One

Shops:
D:8 [

Annotations:
D:5 3 runed translucent doors, 2 transporters, LobsterGuardian's ghost, amateur GnDe; Menkaure
D:8 Gastronok


Innate Abilities, Weirdness & Mutations

You are immune to sickness and miasma.
You are immune to poison.
Your flesh is very heat resistant. (rF++)
You are vulnerable to cold. (rC-)
You float through the air rather than walking.
You learn spells naturally, not from books.
Your magical power is your life essence.
You have superior vitality. (+4 MHP)


Message History

Gastronok convulses.
Gastronok seems to slow down.
Gastronok is lightly wounded.
Your fulminant prism crackles loudly.
Gastronok waves his eye-stalks in wide circles.
The air twists around and strikes you!!
Adjust (i)tems, (s)pells, or (a)bilities?
b - 38 stones Adjust to which letter? (? for menu, Esc to quit)
C - 38 stones;
b - a purple potion Throw: 6 darts (poison)
Press: ? - help, Q - select action, (/) - cycle Shift-Dir - straight line, f/p - Gastronok
Aim: Gastronok, wearing the +3 hat of Pondering {ponderous, Will+ MP+10 Int+5} (lightly wounded, very poisoned, slow, ally target, 93% to hit)
You throw a poisoned dart. The poisoned dart hits Gastronok.
Gastronok is lightly wounded.
A killer bee comes into view.
Your fulminant prism explodes!
The blast of energy engulfs Gastronok!
Gastronok is lightly wounded.
Gastronok waves his eye-stalks in wide circles.
The air twists around and strikes you!!
* * * LOW HITPOINT WARNING * * *
You hear a bellow! x2; You hear a shout!
Unknown command.
The killer bee barely misses you.
Things that are here:
a +0 whip; a stone
Casting: Fulminant Prism (safe; 1% risk of failure)
Confirm with . or Enter, or press ? or * to list all spells.
You erupt in a blast of force!
The mystic blast hits the killer bee!!
You kill the killer bee!
Makhleb accepts your kill.
* * * LOW HITPOINT WARNING * * *
You hear an angry buzzing noise.
Gastronok is no longer moving slowly.
You feel yourself speed up.
An orc warrior comes into view. It is wielding a +0 halberd.
The orc warrior shouts!
You hear a shout!
An orc comes into view. It is wielding a +0 flail.
The orc warrior hits you with a +0 halberd!!
You die...

.#.#. ....### .#
.####... +.### ...
...... ##...#+#
.... .... #......#
.....##.####))∩..#
.......<..#..)...#
..#.#o#.#.#'#...###
#...o@..###.+.#
###.......###.#
#######...#.#
#.....####
#........#
##.....).#
##...##.#
##...)))).#
/.....#.#....


You could see an orc warrior and an orc.

Vanquished Creatures
  Prince Ribbit (D:6)
  Sigmund (D:2)
  A steam dragon (D:7)
  2 vampire mosquitoes (D:6)
  2 water moccasins
  4 black bears
  An orc warrior (D:6)
  2 ice beasts
  An ogre (D:5)
  4 centaurs
  A phantom (D:5)
  2 kobold brigands
  A gnoll sergeant (D:6)
  A bullfrog (D:7)
  2 scorpions
  3 wights (D:8)
  A killer bee (D:8)
  4 orc priests
  A hound (D:5)
  3 jellies
  2 iguanas (D:6)
  4 orc wizards
  9 gnolls (D:6)
  9 adders
  2 ufetubi (D:7)
  2 worms
  5 dart slugs
  25 orcs
  7 ball pythons
  3 endoplasms
  4 giant cockroaches
  2 goblins
  4 hobgoblins
  6 jackals
  11 kobolds
  4 quokkas
  A bat (D:3)
  2 frilled lizards
  5 rats
145 creatures vanquished.

Vanquished Creatures (others)
  2 foxfires (D:7)
  46 fulminant prisms
48 creatures vanquished.

Grand Total: 193 creatures vanquished

Notes
Turn   | Place    | Note
-------+----------+-------------------------------------------
     0 | D:1      | SwinebobAirpants the Djinni Conjurer began the quest for
                  | the Orb.
     0 | D:1      | SwinebobAirpants set off with the following spells
                  | memorised: Magic Dart, Searing Ray, Dazzling Flash,
                  | Fulminant Prism, Iskenderun's Mystic Blast.
     0 | D:1      | Reached XP level 1. HP: 15/15 MP: 0/0
   122 | D:1      | Found a faded altar of an unknown god.
   163 | D:1      | You are sucked into a shaft and drop 1 floor!
   358 | D:1      | Reached XP level 2. HP: 20/21 MP: 0/0
   594 | D:1      | Reached XP level 3. HP: 23/25 MP: 0/0
   594 | D:1      | Learned a level 1 spell: Foxfire
  1149 | D:2      | Noticed Sigmund
  1158 | D:2      | Killed Sigmund
  1159 | D:2      | Reached skill level 5 in Spellcasting
  1159 | D:2      | Reached skill level 5 in Conjurations
  1159 | D:2      | Reached skill level 5 in Hexes
  1159 | D:2      | Reached skill level 5 in Summonings
  1159 | D:2      | Reached skill level 5 in Necromancy
  1159 | D:2      | Reached skill level 5 in Translocations
  1159 | D:2      | Reached skill level 5 in Transmutations
  1159 | D:2      | Reached skill level 5 in Fire Magic
  1159 | D:2      | Reached skill level 5 in Ice Magic
  1159 | D:2      | Reached skill level 5 in Air Magic
  1159 | D:2      | Reached skill level 5 in Earth Magic
  1159 | D:2      | Reached skill level 5 in Poison Magic
  1159 | D:2      | Reached XP level 4. HP: 11/31 MP: 0/0
  1159 | D:2      | Reached XP level 5. HP: 12/35 MP: 0/0
  1159 | D:2      | Learned a level 2 spell: Wereblood
  1159 | D:2      | Reached XP level 6. HP: 14/40 MP: 0/0
  1521 | D:2      | Found a broken altar of Ashenzari.
  1834 | D:3      | Found an iron altar of Okawaru.
  2030 | D:3      | Found a stormy altar of Qazlal.
  2335 | D:4      | Found an ornate altar of the Wu Jian Council.
  2361 | D:4      | Noticed a black bear
  2383 | D:4      | Killed a black bear
  2384 | D:4      | Reached XP level 7. HP: 18/45 MP: 0/0
  2384 | D:4      | Learned a level 2 spell: Static Discharge
  2488 | D:4      | Found a staircase to the Ecumenical Temple.
  2498 | Temple   | Entered the Ecumenical Temple
  2505 | Temple   | Became a worshipper of Makhleb the Destroyer
  2803 | D:4      | Found a sparkling altar of Nemelex Xobeh.
  3032 | D:5      | Entered Level 5 of the Dungeon
  3334 | D:5      | Found a runed translucent gate.
  3334 | D:5      | Found a runed translucent gate.
  3335 | D:5      | Found a runed translucent gate.
  3347 | D:5      | Reached XP level 8. HP: 36/50 MP: 0/0
  3353 | D:5      | Noticed LobsterGuardian's ghost (amateur GnDe)
  3365 | D:5      | Reached * piety under Makhleb
  3502 | D:5      | Found a transporter.
  3505 | D:5      | Found a basalt altar of Yredelemnul.
  3505 | D:5      | Noticed a wraith
  3507 | D:5      | Noticed a vampire
  3568 | D:5      | Found a transporter.
  3573 | D:5      | Noticed Menkaure
  4068 | D:6      | Found a sacrificial altar of Ru.
  4215 | D:6      | Noticed Prince Ribbit
  4299 | D:6      | Killed Prince Ribbit
  4300 | D:6      | Reached XP level 9. HP: 47/55 MP: 0/0
  4300 | D:6      | Learned a level 4 spell: Flame Wave
  4688 | D:6      | Found a glowing golden altar of the Shining One.
  4985 | D:6      | Reached ** piety under Makhleb
  5180 | D:7      | Reached skill level 10 in Spellcasting
  5180 | D:7      | Reached skill level 10 in Conjurations
  5180 | D:7      | Reached skill level 10 in Hexes
  5180 | D:7      | Reached skill level 10 in Summonings
  5180 | D:7      | Reached skill level 10 in Necromancy
  5180 | D:7      | Reached skill level 10 in Translocations
  5180 | D:7      | Reached skill level 10 in Transmutations
  5180 | D:7      | Reached skill level 10 in Fire Magic
  5180 | D:7      | Reached skill level 10 in Ice Magic
  5180 | D:7      | Reached skill level 10 in Air Magic
  5180 | D:7      | Reached skill level 10 in Earth Magic
  5180 | D:7      | Reached skill level 10 in Poison Magic
  5495 | D:7      | Reached XP level 10. HP: 56/60 MP: 0/0
  5930 | D:8      | Found Gicvajir's Armour Shop.
  6008 | D:8      | Noticed Gastronok
  6024 | D:8      | Mangled by an orc warrior

Illustrated notes

Levels and vault maps discovered:
D:1:      sevenhm_arrival_forest_fort_small_4, layout_basic,
          shapermc_ecumenical_altar_totnotflames
D:2:      layout_basic, basic_altar, minmay_misc_feat_cross,
          grunt_decor_one_mirror, uniq_sigmund
D:3:      layout_loops_ring, old_standard_altar, mainiacjoe_overflow_alcove_1,
          kennysheep_generic_room_13
D:4:      layout_basic, nemelex_altar_shiori, lemuel_tele_altar,
          minmay_temple_entry_stoned_glass, minmay_statues_item
D:5:      layout_loops_ring, gammafunk_temple_of_torment, gammafunk_ghost_split
D:6:      layout_basic, mainiacjoe_overflow_catwalk,
          mainiacjoe_overflow_cross_hatched, uniq_prince_ribbit1
D:7:      layout_loops_corners, mainiacjoe_overflow_small_starburst
D:8:      layout_basic, serial_shops, nicolae_diamond_shop,
          nicolae_shop_statue_plus, nicolae_shop_advertising_works
          [nicolae_subvault_shop_adworks], nicolae_shop_stone,
          nicolae_shop_rolling_square, chequers_serial_rivers_micro_e,
          the_hattery, uniq_gastronok, uniq_psyche
Temple:   hellmonk_temple_micro_hex

Skill      XL: |  1  2  3  4  5  6  7  8  9 |
---------------+----------------------------+-----
Spellcasting   | 5 6 7 8 10 | 10.9
Conjurations   | 5 6 7 8 10 | 10.9
Hexes          | 5 6 7 8 10 | 10.9
Summonings     | 5 6 7 8 10 | 10.9
Necromancy     | 5 6 7 8 10 | 10.9
Translocations | 5 6 7 8 10 | 10.9
Transmutations | 5 6 7 8 10 | 10.9
Fire Magic     | 5 6 7 8 10 | 10.9
Ice Magic      | 5 6 7 8 10 | 10.9
Air Magic      | 5 6 7 8 10 | 10.9
Earth Magic    | 5 6 7 8 10 | 10.9
Poison Magic   | 5 6 7 8 10 | 10.9
Dodging        | |  2.1
Stealth        | |  1.5

Action                     |  1- 3 |  4- 6 |  7- 9 | 10-12 || total
---------------------------+-------+-------+-------+-------++-------
  Melee: Dagger            |       |       |     1 |       ||     1
   Fire: Sling             |     2 |       |       |       ||     2
  Throw: Dart              |       |       |       |     2 ||     2
   Cast: Magic Dart        |    30 |    52 |     3 |       ||    85
         Searing Ray       |     9 |    13 |    11 |       ||    33
         Fulminant Prism   |       |     4 |    38 |     4 ||    46
         Iskenderun's Myst |       |     1 |    31 |     6 ||    38
         Foxfire           |       |       |     1 |       ||     1
 Armour: Robe              |     2 |     2 |     2 |       ||     6
  Dodge: Dodged            |     4 |     4 |    18 |     4 ||    30

Table legend: (Time is in decaauts)
 A = Elapsed time spent in this place.
 B = Non-inter-level travel time spent in this place.
 C = Inter-level travel time spent in this place.
 D = Time resting spent in this place.
 E = Time spent auto-exploring this place.
 F = Levels seen in this place.
 G = Mean time per level.
                   A        B        C        D        E       F      G
               +--------+--------+--------+--------+--------+-----+--------+
         Total |   6025 |   5737 |    288 |    826 |   3557 |   9 |  669.4 |
       Dungeon |   6011 |   5723 |    288 |    826 |   3557 |   8 |  751.4 |
        Temple |     14 |     14 |      0 |      0 |      0 |   1 |   14.0 |
               +--------+--------+--------+--------+--------+-----+--------+

Top non-repeatable levels by time:
     D:1: 1059 daAuts
     D:5: 1033 daAuts
     D:6: 1020 daAuts
     D:7: 832 daAuts
     D:4: 745 daAuts
     D:3: 646 daAuts
     D:2: 565 daAuts
     D:8: 108 daAuts
  Temple: 14 daAuts
